Map: Ultralove

Players

VITmaru (Maru)

  • Race: Terran Terran
  • Spawn Location: 7:00

Serral - Winner!

  • Race: Zerg Zerg
  • League: Master
  • Spawn Location: 1:00

Event: HomeStory Cup XXVI

VOD

Have the link to the VOD?

Description

Time

  • Played on: Dec. 1, 2024, 12:43 p.m.
  • Length: 19:12

All games in this series

Show
View Real Time Build Order
Export as new Build Order

VITmaru Terran 

Build Orders: Hellion Opening, Reaper Expand 

Get SALT Encoding   

  12  0:00  SCV  
  13  0:12  SCV  
  14  0:17  Supply Depot  
  14  0:24  SCV  
  15  0:38  SCV  
  15  0:40  Barracks  
  16  0:43  Refinery  
  16  0:50  SCV  
  17  1:02  SCV  
  18  1:15  SCV  
  19  1:27  Orbital Command, Reaper  
  20  1:37  Command Center  
  20  1:47  Supply Depot  
  20  1:52  SCV  
  21  1:59  Marine  
  22  2:04  SCV  
  23  2:10  Factory  
  23  2:16  SCV  
  23  2:20  Barracks Reactor  
  24  2:29  SCV  
  25  2:41  SCV  
  26  2:44  Command Center  
  26  2:49  Orbital Command  
  26  2:53  SCV  
  27  2:58  Starport  
  27  3:03  Hellion  
  27  3:04  Hellion  
  27  3:05  SCV  
  32  3:11  Refinery  
  32  3:14  SCV  
  32  3:17  SCV  
  34  3:21  Marine  
  34  3:25  Hellion x2  
  39  3:27  SCV  
  39  3:29  SCV  
  41  3:35  Viking  
  41  3:40  SCV  
  43  3:41  SCV  
  42  3:49  Hellion  
  42  3:51  Hellion  
  42  3:52  SCV  
  45  3:58  Orbital Command  
  45  4:00  SCV  
  46  4:07  Liberator  
  46  4:08  SCV  
  50  4:16  Hellion x2  
  55  4:17  SCV  
  55  4:20  SCV  
  56  4:27  Barracks Tech Lab, Supply Depot, SCV  
  56  4:29  SCV  
  58  4:42  SCV  
  59  4:46  Marine, Stimpack  
  59  4:49  Supply Depot, SCV x2  
  59  4:51  Starport Reactor  
  59  4:52  Factory Reactor  
  62  4:53  Barracks  
  62  4:54  SCV  
  62  4:56  Barracks  
  62  4:58  Refinery  
  63  5:01  SCV  
  63  5:05  Engineering Bay x2  
  64  5:07  SCV, Refinery  
  64  5:09  SCV  
  64  5:12  Marine  
  67  5:14  SCV  
  67  5:19  SCV  
  69  5:21  SCV  
  69  5:26  SCV  
  71  5:31  SCV  
  73  5:35  Orbital Command  
  73  5:38  Factory Tech Lab  
  73  5:39  SCV  
  73  5:41  Terran Infantry Weapons Level 1, Starport Reactor, Barracks, Terran Infantry Armor Level 1  
  73  5:42  Barracks  
  73  5:44  SCV  
  73  5:48  Supply Depot  
  72  5:52  Marine  
  72  5:54  Marine x2  
  72  6:00  SCV  
  72  6:01  SCV x2  
  75  6:09  Supply Depot  
  75  6:10  Siege Tank, Marine  
  79  6:12  Supply Depot, SCV  
  79  6:13  SCV x2  
  82  6:18  Marine  
  82  6:19  Marine x2  
  85  6:30  Marine, Barracks Reactor  
  85  6:31  SCV x2, Medivac x2  
  92  6:33  Combat Shield  
  92  6:34  SCV  
  92  6:36  Barracks Reactor  
  92  6:37  Supply Depot x2  
  93  6:40  Marine x2  
  93  6:41  Armory  
  93  6:43  SCV  
  93  6:44  SCV  
  93  6:45  Siege Tank  
  93  6:46  SCV  
  101  6:56  Factory  
  101  6:58  SCV  
  101  6:59  Command Center  
  102  7:03  Marine  
  102  7:04  Marine x3  
  102  7:07  SCV x2  
  106  7:10  SCV  
  106  7:15  Refinery, Medivac x2  
  111  7:17  Marine  
  111  7:19  SCV x2  
  111  7:21  Supply Depot  
  111  7:22  Supply Depot  
  114  7:23  SCV  
  114  7:24  Marine  
  114  7:27  Drilling Claws  
  116  7:31  SCV  
  116  7:33  Supply Depot  
  116  7:36  Marine  
  117  7:37  SCV  
  117  7:39  Supply Depot  
  117  7:41  Siege Tank  
  117  7:43  Marine x3, Terran Infantry Weapons Level 2  
  120  7:47  Marine x2  
  120  7:48  Supply Depot  
  120  7:50  Terran Infantry Armor Level 2  
  122  7:55  Refinery, Widow Mine x2  
  126  7:59  Supply Depot  
  126  8:02  Sensor Tower  
  126  8:04  Marine x4  
  126  8:05  Marine x2, Marauder  
  125  8:15  SCV  
  125  8:16  Widow Mine x2  
  125  8:17  Siege Tank  
  125  8:18  Missile Turret  
  133  8:20  SCV x2  
  133  8:23  Supply Depot  
  133  8:24  Marine x3  
  138  8:27  SCV  
  138  8:29  Medivac  
  138  8:30  Medivac  
  138  8:32  SCV x2  
  145  8:35  Supply Depot  
  145  8:36  Terran Vehicle Weapons Level 1  
  145  8:39  SCV, Missile Turret  
  146  8:43  Marine x3, Marauder  
  146  8:44  SCV, Marine x2  
  146  8:45  SCV  
  155  8:51  SCV  
  155  8:53  Barracks  
  155  8:54  Barracks  
  155  8:55  Barracks  
  156  8:58  Planetary Fortress  
  156  8:59  SCV x2  
  158  9:04  SCV, Siege Tank  
  158  9:05  Marauder, Widow Mine x2  
  158  9:08  Sensor Tower  
  168  9:10  Marine x4  
  169  9:17  Medivac x2  
  169  9:23  Refinery x2  
  173  9:26  Marauder, Widow Mine x2  
  179  9:32  Command Center  
  179  9:37  Widow Mine  
  181  9:41  Barracks Tech Lab  
  181  9:42  Barracks Tech Lab x2  
  181  9:44  Missile Turret  
  181  9:45  Ghost Academy  
  181  9:48  Widow Mine x2  
  181  9:51  Marauder  
  185  10:13  Marauder  
  182  10:16  Ghost x3, Personal Cloaking  
  188  10:35  Terran Infantry Armor Level 3, Terran Infantry Weapons Level 3  
  188  10:43  Ghost  
  188  10:46  Command Center  
  188  10:47  Command Center  
  191  10:50  Terran Vehicle And Ship Armor Level 1  
  191  10:52  Ghost  
  194  11:02  Refinery  
  194  11:03  Widow Mine  
  196  11:04  Missile Turret  
  196  11:09  Widow Mine  
  196  11:11  Planetary Fortress  
  195  11:27  Widow Mine  
  195  11:33  Widow Mine  
  195  11:46  Ghost x3  
  196  11:49  Widow Mine  
  196  11:52  Ghost, Widow Mine  
  196  11:53  Supply Depot x2  
  169  11:54  Supply Depot  
  169  11:55  Supply Depot  
  169  11:56  Supply Depot  
  169  11:58  Widow Mine  
  171  12:03  Marine  
  171  12:04  Marine x3  
  175  12:10  Widow Mine  
  175  12:14  Ghost x2  
  175  12:15  Ghost  
  186  12:20  Concussive Shells, Ghost  
  185  12:32  Marine x5  
  185  12:37  Medivac x2  
  185  12:39  Orbital Command, SCV x2  
  185  12:41  SCV  
  185  12:42  Marine x2  
  185  12:43  Ghost x2  
  200  12:49  Marauder  
  179  12:51  SCV  
  179  12:52  SCV  
  179  12:53  SCV  
  179  12:54  Marine x2, Marauder  
  179  12:57  Marine x2  
  179  12:58  Marine  
  189  12:59  Marine  
  189  13:00  Marine  
  189  13:04  SCV x2  
  189  13:05  SCV  
  194  13:09  Planetary Fortress  
  194  13:11  Marauder  
  194  13:12  Marauder, Widow Mine x3  
  199  13:14  Marine  
  197  13:26  Medivac  
  199  13:33  Marauder  
  200  13:40  Medivac  
  184  13:43  Marine x2  
  184  13:44  Marine x2, Marauder x3  
  184  13:45  Widow Mine x3  
  174  13:50  Marine  
  174  13:51  Marine x2  
  174  13:54  Marine  
  174  13:55  Marauder  
  179  13:56  Medivac  
  179  14:01  Marine  
  179  14:03  SCV x4  
  179  14:05  Marauder x3  
  179  14:06  Widow Mine x3  
  195  14:10  Medivac  
  195  14:13  Marine x4  
  200  14:25  Command Center  
  199  14:35  Marine  
  199  14:36  Marine x3, Marauder x4  
  199  14:37  Widow Mine x2  
  183  14:40  Medivac  
  183  14:41  Medivac  
  183  14:47  Marine x2  
  183  14:52  Marine x2  
  168  14:54  Widow Mine  
  168  14:57  Marauder  
  168  14:58  Marauder x3, Widow Mine x2  
  178  15:01  Marine x2  
  178  15:02  Marine  
  178  15:04  SCV  
  180  15:10  Liberator x2  
  186  15:17  Supply Depot x2  
  186  15:18  Orbital Command  
  186  15:19  Marauder  
  188  15:28  Marauder  
  186  15:35  Marine x2  
  174  15:36  Marauder x2  
  174  15:39  Widow Mine  
  174  15:40  Marine  
  174  15:41  Marine x2, Marauder  
  183  15:47  Marine x2  
  183  15:49  Marauder  
  187  15:51  Widow Mine  
  187  15:53  Medivac x2  
  162  16:05  Siege Tank  
  162  16:06  Widow Mine  
  146  16:12  Widow Mine  
  146  16:17  Ghost x2  
  146  16:18  Marine  
  152  16:21  Marine x2  
  152  16:23  Medivac x2  
  158  16:26  Marine x3, Marauder  
  158  16:27  Orbital Command, Marine x2, Marauder  
  167  16:37  Marine  
  167  16:38  Widow Mine x3  
  167  16:39  Marine x2  
  176  16:43  SCV  
  176  16:44  SCV, Marine  
  176  16:46  Marauder x2  
  183  16:50  Marine x3, Marauder x2  
  183  16:53  Medivac x2  
  183  16:54  Marine  
  192  16:55  Marine  
  192  16:56  Orbital Command  
  194  17:08  Marauder  
  193  17:19  Ghost  
  193  17:20  Ghost x2  
  150  17:23  Medivac  
  150  17:25  Marine x8  
  150  17:28  Marine  
  143  17:43  Marine x4  
  140  17:47  Marauder  
  140  17:49  Marauder x3  
  143  17:53  Marine x3  
  143  17:54  SCV x2  
  143  17:55  SCV x2  
  148  18:00  Marine  
  148  18:04  Orbital Command  
  144  18:06  SCV  
  144  18:07  SCV x3, Ghost  
  144  18:09  Ghost  
  152  18:14  Widow Mine x3  
  152  18:18  Marine, Ghost  
  152  18:19  Marine, Marauder  
  157  18:35  Widow Mine x3  
  157  18:40  Marine x3  
  157  18:41  Marauder x2  
  170  18:43  Refinery  
  170  18:45  Marine  
  170  18:46  Marine x2, Marauder  
  170  18:47  Marauder  
Show
View Real Time Build Order
Export as new Build Order

Serral Zerg - Winner!

Build Orders: Hatch First 

Get SALT Encoding   

  12  0:00  Drone  
  13  0:11  Overlord  
  13  0:16  Drone  
  14  0:30  Drone x2  
  16  0:45  Hatchery  
  16  0:49  Drone  
  16  0:52  Drone  
  16  0:55  Drone  
  18  1:07  Extractor  
  18  1:11  Spawning Pool  
  16  1:14  Drone  
  16  1:17  Drone  
  18  1:27  Drone  
  19  1:37  Drone  
  20  1:48  Drone  
  21  1:57  Queen x2  
  21  1:58  Zergling x2  
  21  1:59  Zergling x2  
  27  2:09  Overlord  
  27  2:11  Drone  
  27  2:12  Metabolic Boost  
  28  2:29  Spore Crawler  
  27  2:32  Spore Crawler  
  27  2:35  Hatchery  
  27  2:36  Drone x2  
  29  2:37  Drone  
  29  2:39  Drone  
  31  2:51  Queen  
  31  2:53  Overlord  
  31  2:57  Drone  
  31  2:58  Drone  
  35  3:01  Drone  
  36  3:07  Overlord  
  36  3:12  Drone x3  
  39  3:14  Drone x2  
  41  3:20  Queen  
  41  3:23  Drone  
  41  3:26  Drone  
  45  3:31  Queen  
  47  3:34  Zergling x4  
  47  3:38  Overlord  
  49  3:44  Drone x2  
  49  3:46  Drone  
  52  3:50  Zergling x4  
  52  3:54  Queen  
  54  3:57  Overlord  
  54  4:00  Drone  
  55  4:03  Zergling x2  
  55  4:04  Drone, Zergling x4  
  55  4:08  Drone x2  
  61  4:14  Drone  
  61  4:15  Spore Crawler  
  61  4:17  Queen  
  61  4:19  Drone  
  64  4:24  Overlord x2  
  64  4:31  Overlord  
  64  4:32  Zergling x2  
  64  4:33  Zergling x2  
  66  4:42  Overlord  
  66  4:43  Drone x7  
  72  4:46  Drone x2  
  72  4:50  Evolution Chamber  
  72  4:51  Drone, Evolution Chamber  
  73  4:59  Extractor  
  74  5:01  Drone x3  
  74  5:05  Queen  
  79  5:09  Drone x4  
  79  5:11  Zergling x4  
  83  5:19  Hatchery, Overlord  
  83  5:20  Drone x3  
  85  5:29  Zerg Melee Weapons Level 1, Zerg Ground Armor Level 1  
  85  5:30  Drone x3  
  85  5:33  Extractor  
  85  5:34  Lair, Extractor  
  86  5:36  Drone  
  86  5:37  Drone x2  
  86  5:40  Drone x2  
  91  5:45  Spore Crawler  
  91  5:47  Drone x2, Baneling Nest  
  91  5:48  Drone  
  91  5:50  Drone x2  
  91  5:51  Drone  
  91  5:54  Drone x2  
  91  5:56  Drone  
  96  5:58  Drone  
  96  6:00  Drone  
  96  6:03  Overlord  
  99  6:13  Overlord  
  99  6:19  Overlord  
  99  6:20  Queen, Overlord  
  99  6:23  Hatchery  
  99  6:24  Drone x2, Zergling x2  
  99  6:25  Zergling x6  
  106  6:30  Queen  
  106  6:32  Zergling x8  
  112  6:37  Centrifugal Hooks  
  112  6:38  Baneling, Zergling x4  
  112  6:39  Baneling x8  
  114  6:40  Zergling x2  
  114  6:42  Overlord  
  114  6:43  Overseer  
  114  6:44  Zergling x8  
  118  6:51  Drone  
  118  6:52  Drone  
  120  6:54  Hatchery, Overlord  
  120  6:55  Zergling x4  
  120  7:00  Overlord  
  122  7:01  Zergling x8  
  122  7:04  Zergling x10  
  122  7:07  Baneling x2  
  130  7:10  Overlord  
  130  7:11  Zergling x2  
  130  7:13  Overseer  
  130  7:15  Zergling x8, Pneumatized Carapace  
  135  7:17  Overlord x2  
  135  7:21  Zergling x12  
  141  7:30  Zergling x14  
  146  7:37  Overlord  
  146  7:39  Zerg Melee Weapons Level 2, Zerg Ground Armor Level 2  
  146  7:40  Zergling x2  
  146  7:41  Zergling x6  
  143  7:45  Baneling x7  
  143  7:46  Baneling  
  143  7:49  Drone x4, Extractor  
  143  7:50  Drone, Infestation Pit  
  146  7:53  Zergling x10  
  153  7:59  Zergling x2  
  153  8:00  Zergling x8  
  156  8:08  Drone x8  
  163  8:18  Zergling x20  
  163  8:19  Zergling x2  
  174  8:22  Extractor  
  174  8:23  Drone x2  
  174  8:25  Baneling x2  
  174  8:26  Overseer  
  174  8:27  Overseer  
  175  8:32  Overlord  
  175  8:33  Zergling x16  
  181  8:35  Overseer  
  181  8:38  Drone  
  181  8:40  Hive  
  182  8:48  Zergling x28  
  196  9:00  Burrow  
  196  9:06  Extractor  
  196  9:07  Hatchery  
  194  9:10  Zergling x12  
  199  9:18  Hydralisk Den  
  199  9:22  Spore Crawler  
  199  9:24  Drone x2  
  199  9:25  Baneling x19  
  199  9:51  Muscular Augments, Lurker Den  
  198  9:59  Zerg Ground Armor Level 3, Zerg Missile Weapons Level 1  
  198  10:00  Zergling x2  
  158  10:18  Zergling x56  
  172  10:26  Viper  
  172  10:27  Viper  
  164  10:28  Zergling x12  
  164  10:29  Zergling x42  
  164  10:34  Drone x2  
  164  10:35  Drone  
  193  10:37  Adrenal Glands  
  193  10:39  Baneling x9  
  193  10:40  Baneling x3  
  193  10:43  Drone x3  
  193  10:44  Drone, Extractor  
  193  10:46  Zergling x2  
  193  10:47  Zergling x6  
  200  10:51  Overseer  
  200  10:53  Spore Crawler  
  200  10:54  Baneling x6  
  200  10:55  Grooved Spines  
  198  10:57  Drone  
  198  10:59  Baneling x3  
  198  11:18  Zergling x2  
  199  11:22  Seismic Spines  
  199  11:29  Zergling x2  
  199  11:30  Zergling x20  
  193  11:33  Zergling x14  
  193  11:36  Hatchery  
  180  11:50  Zergling x14  
  180  11:51  Zergling x28  
  180  11:53  Zergling x22  
  186  11:58  Zergling x2  
  186  12:01  Baneling x18  
  182  12:04  Zergling x14  
  182  12:05  Baneling, Overseer  
  182  12:06  Baneling x7, Overseer, Overlord  
  182  12:07  Overlord  
  189  12:10  Zerg Missile Weapons Level 2  
  189  12:18  Drone x2  
  189  12:19  Drone, Overlord, Adaptive Talons  
  191  12:25  Zergling x20  
  199  12:33  Zergling x8  
  197  12:39  Baneling x10  
  197  12:51  Zergling x54, Nydus Network  
  197  13:00  Overseer  
  197  13:01  Overseer  
  197  13:03  Hydralisk  
  199  13:10  Hydralisk  
  200  13:19  Hydralisk  
  193  13:20  Hydralisk x2  
  199  13:31  Overlord  
  192  13:38  Zergling x46  
  192  13:40  Hydralisk x4  
  192  13:41  Zergling x12  
  199  13:48  Zergling x34  
  184  13:59  Drone x3  
  184  14:00  Zergling x30  
  184  14:01  Baneling x3  
  184  14:02  Baneling x24  
  191  14:13  Drone x2  
  191  14:14  Drone x2, Spore Crawler  
  194  14:19  Baneling x8  
  193  14:24  Zerg Melee Weapons Level 3  
  193  14:26  Drone x2  
  193  14:27  Baneling x7  
  193  14:28  Hatchery  
  192  14:32  Hydralisk  
  192  14:33  Zergling x12, Hydralisk x4  
  192  14:34  Zergling x22  
  193  14:47  Zergling x28  
  193  14:51  Zergling x2  
  193  14:52  Zergling x20  
  196  14:55  Baneling x5  
  196  14:56  Baneling x5  
  192  15:05  Zergling x18  
  199  15:08  Overseer  
  197  15:19  Unknown, Overseer  
  197  15:25  Hatchery  
  186  15:31  Zergling x22  
  186  15:32  Zergling x30  
  193  15:39  Baneling x7  
  193  15:42  Lurker x3  
  194  15:43  Lurker x3  
  196  15:51  Nydus Canal  
  196  15:56  Zergling x6  
  196  15:57  Zergling x28  
  194  16:04  Zergling x8  
  184  16:08  Nydus Canal  
  184  16:09  Overseer  
  171  16:13  Drone  
  171  16:14  Zergling x14  
  171  16:17  Overseer  
  171  16:18  Overseer x2  
  172  16:20  Zergling x6  
  175  16:26  Hatchery  
  175  16:29  Nydus Canal  
  175  16:31  Baneling x14  
  175  16:32  Baneling x5, Overlord  
  174  16:33  Overlord x7  
  174  16:34  Overseer  
  174  16:35  Overseer  
  169  16:55  Infestor x3  
  169  16:56  Zergling x2  
  169  16:57  Zergling x36  
  193  17:10  Baneling  
  193  17:11  Baneling x3  
  193  17:12  Nydus Canal  
  190  17:18  Zergling x36  
  190  17:22  Zergling x20  
  186  17:28  Baneling x9  
  182  17:36  Zergling x18  
  176  17:45  Zergling x20  
  176  17:49  Drone  
  185  17:51  Hydralisk x3  
  185  17:58  Hydralisk x3  
  197  18:08  Hatchery  
  197  18:10  Hydralisk  
  191  18:17  Hydralisk  
  191  18:18  Hydralisk x3  
  192  18:27  Zergling x16  
  199  18:38  Hatchery  
  199  18:39  Baneling  
  199  18:40  Baneling x2  
  198  18:42  Nydus Canal  
  197  18:55  Zergling x24  
Tags
 
Add a new tag
Caveats
  • Supply blocks, unpowered buildings, or Contaminate may cause inaccurate times.
  • Supply counts are checked every 10 seconds.